 Dungeon Crawl Stone Soup version 0.27.0-1-g7a089689b8 (webtiles) character file.

Game seed: 12965097060703478741

97 SnakkuSnakku7 the Magician (level 5, 0/35 HPs)
             Began as a Djinni Earth Elementalist on Aug 11, 2021.
             Slain by an adder (3 damage)
             ... on level 3 of the Dungeon.
             The game lasted 00:03:39 (2068 turns).

SnakkuSnakku7 the Magician (DjEE)                   Turns: 2068, Time: 00:03:40

Health: 0/35       AC:  2    Str:  7    XL:     5   Next: 0%
Gold:   76         EV: 12    Int: 17    God:
                   SH:  5    Dex: 14

rFire    + + .     SeeInvis .   i - +4 whip
rCold    x . .     Faith    .   (no shield)
rNeg     . . .     Spirit   .   b - +0 robe
rPois    ∞         Reflect  +   (no helmet)
rElec    .         Harm     .   (no cloak)
rCorr    .         Rampage  .   (no gloves)
Will     .....                  (boots unavailable)
Stlth    ++........             k - amulet of reflection
HPRegen  0.11/turn              (no ring)
MPRegen  0.00/turn              (no ring)

@: flying
A: sickness immunity, fire resistance 2, cold vulnerability 1, float, innate
caster, hp casting, extra vitality 1
a: no special abilities


You were on level 3 of the Dungeon.
You visited 1 branch of the dungeon, and saw 4 of its levels.

You collected 76 gold pieces.

Inventory:

Hand Weapons
 d - a +0 whip
 i - a +4 whip (weapon)
Missiles
 c - a stone
Armour
 b - a +0 robe (worn)
Jewellery
 k - an amulet of reflection (around neck)
Scrolls
 a - a scroll of immolation {unknown}
 f - a scroll of teleportation {unknown}
 g - 3 scrolls of identify {unknown}
Potions
 e - a potion of berserk rage {unknown}
 h - a potion of haste {unknown}
 j - a potion of flight {unknown}


   Skills:
 - Level 2.1 Dodging
 - Level 1.5 Stealth
 + Level 4.1 Spellcasting


You couldn't memorise any spells.
You knew the following spells:

 Your Spells              Type           Power      Damage    Failure   Level
a - Poisonous Vapours     Pois/Air       34%        N/A       4%          2
b - Passwall              Tmut/Erth      14%        N/A       4%          2
c - Sandblast             Erth           34%        2d9       2%          1
d - Petrify               Tmut/Erth      17%        N/A       28%         4
e - Apportation           Tloc           34%        N/A       2%          1
f - Stone Arrow           Conj/Erth      34%        3d9       9%          3
Your spell library was empty.

Dungeon Overview and Level Annotations

Branches:
Dungeon (4/15)
 Temple: D:4-7

Altars:

Portals:
Sewer: D:3


Innate Abilities, Weirdness & Mutations

You are immune to sickness and miasma.
You are immune to poison.
Your flesh is very heat resistant. (rF++)
You are vulnerable to cold. (rC-)
You float through the air rather than walking.
You learn spells naturally, not from books.
Your magical power is your life essence.
You have superior vitality. (+4 HP)


Message History

The adder completely misses you.
Casting: Poisonous Vapours (safe; 4% risk of failure)
Confirm with . or Enter, or press ? or * to list all spells.
Aiming: Poisonous Vapours (safe; 4% risk of failure)
Press: ? - help, Dir - move target, f/p - adder
Aim: an adder (poisoned)
You miscast Poisonous Vapours.
You are very lightly contaminated with residual magic.
Nothing appears to happen.
The adder bites you.
* * * LOW HITPOINT WARNING * * *
Casting: Poisonous Vapours (safe; 4% risk of failure)
Confirm with . or Enter, or press ? or * to list all spells.
Aiming: Poisonous Vapours (safe; 4% risk of failure)
Press: ? - help, Dir - move target, f/p - adder
Aim: an adder (poisoned) Poisonous vapours surround the adder!
The adder looks even sicker.
* * * LOW HITPOINT WARNING * * *
The adder bites you but does no damage. The adder bites you.
* * * LOW HITPOINT WARNING * * *
The adder barely misses you. The adder misses you. The adder bites you.
* * * LOW HITPOINT WARNING * * *
Casting: Poisonous Vapours (safe; 4% risk of failure)
Confirm with . or Enter, or press ? or * to list all spells.
Aiming: Poisonous Vapours (safe; 4% risk of failure)
Press: ? - help, Dir - move target, f/p - adder
Aim: an adder (heavily wounded, poisoned)
Okay, then.
Aiming: Sandblast (safe; 2% risk of failure)
Press: ? - help, Q - select action, (/) - cycle Shift-Dir - straight line, f/p - adder
Aim: an adder (heavily wounded, poisoned, 66% to hit)
The blast of sand misses the adder.
* * * LOW HITPOINT WARNING * * *
You block the adder's attack.
Your magical contamination has completely faded away.
You closely miss the adder.
The adder is severely wounded.
The adder closely misses you. The adder bites you.
You die...

##### ############...#
#≈w≈≈≈≈#≈≈≈#...#
######≈#≈#†#≈..##### ##
#≈≈≈≈#≈#÷#†#≈..#.... ..
#w##≈≈≈≈≈#≈)≈≈...#####.
########≈#≈#≈....#.. ..
#≈≈≈≈S@≈≈#≈≈≈..#.#.###.
##≈#######≈#...#.#...#.
#≈≈≈≈≈≈∩#≈≈≈.....†..#.
#########≈≈.....<)>.#.
.......#.........
.#....##..##...#.
#....##..##...#. #....
##.##..... #....
#.##..###


You could see an adder (poisoned).

Vanquished Creatures
  An adder (D:3)
  3 river rats (D:3)
  2 worms (D:3)
  2 orcs (D:4)
  4 bats (D:1)
  5 endoplasms
  2 giant cockroaches (D:1)
  4 goblins
  12 hobgoblins
  A quokka (D:4)
  2 ball pythons (D:1)
  5 frilled lizards
  2 kobolds
  4 rats
49 creatures vanquished.

Notes
Turn   | Place    | Note
-------+----------+-------------------------------------------
     0 | D:1      | SnakkuSnakku7 the Djinni Earth Elementalist began the quest
                  | for the Orb.
     0 | D:1      | Reached XP level 1. HP: 15/15 MP: 0/0
    71 | D:1      | Reached XP level 2. HP: 9/21 MP: 0/0
   136 | D:1      | Reached skill level 3 in Spellcasting
   176 | D:1      | HP: 1/21 [hobgoblin (1)]
   484 | D:1      | Reached XP level 3. HP: 7/25 MP: 0/0
   484 | D:1      | Learned a level 1 spell: Apportation
   970 | D:1      | Found a faded altar of an unknown god.
  1350 | D:2      | You are sucked into a shaft and drop 2 floors!
  1732 | D:4      | Reached XP level 4. HP: 31/31 MP: 0/0
  1806 | D:3      | Reached skill level 4 in Spellcasting
  2056 | D:3      | Reached XP level 5. HP: 17/35 MP: 0/0
  2056 | D:3      | Learned a level 2 spell: Poisonous Vapours
  2057 | D:3      | Found a glowing drain.
  2068 | D:3      | Slain by an adder

Illustrated notes

Levels and vault maps discovered:
D:1:      minmay_arrival_four_circles, layout_loops_cross,
          hellmonk_ecumenical_altar_arch_garden
D:2:      kennysheep_the_goblin_king, layout_basic, basic_altar
D:3:      layout_basic, lightli_sewer_entry_pipes,
          hellmonk_ghost_happy_afterlife, ebering_dispersal_statue_hall,
          chequers_big_river
D:4:      layout_basic

Skill      XL: |  1  2  3  4 |
---------------+-------------+-----
Spellcasting   | 3 4 |  4.1
Dodging        | |  2.1
Stealth        | |  1.5

Action                   |  1- 3 |  4- 6 || total
-------------------------+-------+-------++-------
Melee: Unarmed           |     1 |       ||     1
       Whip              |    74 |    24 ||    98
 Cast: Sandblast         |    36 |    11 ||    47
       Stone Arrow       |       |     2 ||     2
       Poisonous Vapours |       |     2 ||     2
 Stab: Sleeping          |     4 |     1 ||     5
Armor: Robe              |    12 |     3 ||    15
Dodge: Dodged            |    42 |    17 ||    59
Block: Other             |       |     5 ||     5
